 Dungeon Crawl Stone Soup version 0.21.1-1-g345015f (webtiles) character file.

72234 Flooderbenga the Thaumaturge (level 14, 0/108 HPs)
             Began as a Gnoll Necromancer on Apr 7, 2018.
             Was the Champion of Cheibriados (penitent).
             Killed from afar by a shock serpent (16 damage)
             ... with a bolt of electricity
             ... on level 2 of the Snake Pit.
             The game lasted 04:58:23 (4958 turns).

Flooderbenga the Thaumaturge (Gnoll Necromancer)    Turns: 4958, Time: 04:58:24

Health: 0/108      AC: 12    Str: 11    XL:     14   Next: 94%
Magic:  1/28       EV: 17    Int: 23    God:    Cheibriados [*]
Gold:   167        SH: 11    Dex: 15    Spells: 3/34 levels left

rFire    . . .     SeeInvis .   b - +4 trident
rCold    . . .     Gourm    .   P - +0 shield
rNeg     . . .     Faith    .   F - +1 troll leather armour {Snorg}
rPois    .         Spirit   .   z - +2 hat
rElec    .         Reflect  .   O - +2 cloak
rCorr    .         Harm     .   (no gloves)
MR       +....                  (no boots)
Stlth    ++++......             (no amulet)
HPRegen  0.68/turn              e - +4 ring of slaying
MPRegen  0.21/turn              l - ring of wizardry

@: lethally poisoned (0 -> 0), berserk cooldown, very slow
A: distributed training, fangs 1, strong nose
}: 1/15 runes: serpentine
a: Renounce Religion


You were on level 2 of the Snake Pit.
You worshipped Cheibriados.
Cheibriados was demanding penance.
You were not hungry.

You visited 3 branches of the dungeon, and saw 20 of its levels.
You also visited: Ice Cave.

You collected 500 gold pieces.
You spent 333 gold pieces at shops.

Inventory:

Hand Weapons
 a - a +1 long sword of freezing
 b - a +4 trident (weapon)
 p - a +1 vampiric short sword
 W - a +2 battleaxe of electrocution
Missiles
 D - 2 tomahawks (quivered)
 I - 8 silver tomahawks
Armour
 z - a +2 hat (worn)
 F - a +1 troll leather armour (worn) {Snorg}
 O - a +2 cloak (worn)
 P - a +0 shield (worn)
 Q - a +0 buckler
 V - a +2 ring mail of fire resistance
Magical Staves
 w - an uncursed staff of energy
 y - an uncursed staff of fire
Jewellery
 e - a +4 ring of slaying (left hand)
 l - a ring of wizardry (right hand)
 m - a +3 ring of intelligence
 s - a +2 ring of slaying
 u - the ring of Rohapagh {rElec rC+ Dex+6 Stlth-}
   (You found it on level 6 of the Dungeon)

   [ring of loudness]

   It affects your dexterity (+6).
   It protects you from cold.
   It insulates you from electricity.
   It makes you less stealthy.
 B - an uncursed ring of magical power
Wands
 J - a wand of iceblast (2)
 N - a wand of scattershot (2)
Scrolls
 d - a scroll of teleportation {@r3}
 r - 2 scrolls of identify {@r1}
 x - 2 scrolls of amnesia
 G - a scroll of fog {@r4}
 L - a scroll of remove curse {@r2}
 S - 2 scrolls of summoning
 Y - a scroll of enchant armour
 Z - a scroll of noise
Potions
 o - a potion of flight
 t - a potion of haste {@q3}
Books
 h - a book of Enchantments

   Spells                             Type                      Level
   a - Cause Fear                     Hexes                        4
   b - Yara's Violent Unravelling     Hexes/Transmutation          5
   c - Silence                        Hexes/Air                    5
   d - Deflect Missiles               Charms/Air                   6
   e - Discord                        Hexes                        8
 k - a book of Battle

   Spells                             Type                      Level
   a - Infusion                       Charms                       1
   b - Shroud of Golubria             Charms/Translocation         2
   c - Song of Slaying                Charms                       2
   d - Spectral Weapon                Hexes/Charms                 3
   e - Regeneration                   Charms/Necromancy            3
 n - a book of Air

   Spells                             Type                      Level
   a - Shock                          Conjuration/Air              1
   b - Swiftness                      Charms/Air                   2
   c - Static Discharge               Conjuration/Air              3
   d - Airstrike                      Air                          4
   e - Lightning Bolt                 Conjuration/Air              5
 C - a book of Beasts

   Spells                             Type                      Level
   a - Summon Butterflies             Summoning                    1
   b - Call Canine Familiar           Summoning                    3
   c - Summon Ice Beast               Ice/Summoning                4
   d - Summon Mana Viper              Hexes/Summoning              5
   e - Summon Hydra                   Summoning                    7
 H - a book of Spatial Translocations

   Spells                             Type                      Level
   a - Blink                          Translocation                2
   b - Shroud of Golubria             Charms/Translocation         2
   c - Lesser Beckoning               Translocation                3
   d - Gell's Gravitas                Translocation                3
   e - Teleport Other                 Translocation                3
   f - Passage of Golubria            Translocation                4
 K - a book of Flames

   Spells                             Type                      Level
   a - Flame Tongue                   Conjuration/Fire             1
   b - Throw Flame                    Conjuration/Fire             2
   c - Conjure Flame                  Conjuration/Fire             3
   d - Inner Flame                    Hexes/Fire                   3
   e - Sticky Flame                   Conjuration/Fire             4
   f - Fireball                       Conjuration/Fire             5
 M - a book of Misfortune

   Spells                             Type                      Level
   a - Confusing Touch                Hexes                        1
   b - Confuse                        Hexes                        3
   c - Gell's Gravitas                Translocation                3
   d - Petrify                        Transmutation/Earth          4
   e - Metabolic Englaciation         Hexes/Ice                    5
   f - Yara's Violent Unravelling     Hexes/Transmutation          5
 R - a book of Necromancy

   Spells                             Type                      Level
   a - Pain                           Necromancy                   1
   b - Animate Skeleton               Necromancy                   1
   c - Vampiric Draining              Necromancy                   3
   d - Regeneration                   Charms/Necromancy            3
   e - Animate Dead                   Necromancy                   4
   f - Borgnjor's Vile Clutch         Necromancy/Earth             5
Miscellaneous
 f - a fan of gales
Comestibles
 c - 4 rations
 v - 2 chunks of flesh


   Skills:
 + Level 9.5 Fighting
 + Level 9.5 Short Blades
 + Level 9.5 Long Blades
 + Level 9.5 Axes
 + Level 9.5 Maces & Flails
 + Level 9.5 Polearms
 + Level 9.5 Staves
 + Level 9.5 Slings
 + Level 9.5 Bows
 + Level 9.5 Crossbows
 + Level 9.5 Throwing
 + Level 9.5 Armour
 + Level 10.5 Dodging
 + Level 10.3 Stealth
 + Level 9.5 Shields
 + Level 9.5 Unarmed Combat
 + Level 10.6 Spellcasting
 + Level 7.9 Conjurations
 + Level 7.9 Hexes
 + Level 7.9 Charms
 + Level 7.9 Summonings
 + Level 10.6 Necromancy
 + Level 7.9 Translocations
 + Level 7.9 Transmutations
 + Level 7.9 Fire Magic
 + Level 7.9 Ice Magic
 + Level 7.9 Air Magic
 + Level 7.9 Earth Magic
 + Level 7.9 Poison Magic
 + Level 10.3 Invocations
 + Level 9.5 Evocations


You had 3 spell levels left.
You knew the following spells:

 Your Spells              Type           Power        Failure   Level  Hunger
a - Pain                  Necr           ####         1%          1    None
b - Deflect Missiles      Chrm/Air       #####.....   28%         6    ######.
c - Borgnjor's Vile Clut  Necr/Erth      ######....   3%          5    ####...
d - Animate Dead          Necr           N/A          1%          4    #......
r - Regeneration          Chrm/Necr      ######....   1%          3    None
v - Summon Mana Viper     Hex/Summ       #####...     6%          5    ####...
x - Passage of Golubria   Tloc           N/A          1%          4    #......
z - Animate Skeleton      Necr           N/A          1%          1    None
B - Blink                 Tloc           N/A          1%          2    None


Dungeon Overview and Level Annotations

Branches:
Dungeon (10/15)              Lair (6/6) D:9           Snake (4/4) Lair:4
 Temple: D:4-7        Swamp: Lair:2-4    Shoals: Lair:2-4     Slime: Lair:5-6
    Orc: D:9-12

Altars:
Cheibriados
Elyvilon
Fedhas
Gozag
Hepliaklqana
Kikubaaqudgha
Makhleb
Nemelex Xobeh
Okawaru
Sif Muna
Yredelemnul
Zin

Shops:
Snake:4 ??(

Annotations:
D:3 Flooderbenga's ghost, amateur GnNe


Innate Abilities, Weirdness & Mutations

Your experience applies equally to all skills.
You have very sharp teeth.
Your uncanny sense of smell can sniff out nearby items.


Message History

Your magical contamination has completely faded away.
You feel yourself speed up.
As you read the scroll of magic mapping, it crumbles to dust.
You feel aware of your surroundings.
The naga warrior spits poison at your mana viper.
The splash of poison hits your mana viper.
Okay, then.
Unknown command.
Unknown command.
Okay, then.
Unknown command.
You feel sick.
Your mana viper disappears in a puff of smoke!
You now have 1/28 mp.
The shock serpent shoots out a bolt of lightning at you!
The bolt of electricity hits you!
* * * LOW HITPOINT WARNING * * *
The shock serpent shoots out a bolt of lightning at you!
The bolt of electricity hits you!
You die...

*,,,,,,,*.,,,,,.(......#..,
*,,,.##..#.*,.,#.........#,
*,,.,.#..#.#..*#..$)..#...,
*,,..,....#..###.........,,
**,...,^..#..#.##....#,,,,,
**#...,...#.#.#.)..##,,,,,
*#...,...#.#S...#..NN..,
*#...#.^#..#...#,..S..,
*#.#.@....##.##,,....,
#......ยง..###,,,,...,
##.......##*,,>,,,..,
##.....N..#**,,,,,.,
#.##......#***,,*,,
##,##......,,,*,,,,
**,#......,,,*,,,,
**,#.....,,,,,,,,
**,#....,,,,,***


You could see a naga warrior and a shock serpent.

Vanquished Creatures
  3 nagarajas (Snake:4)
  Snorg (Lair:3)
  8 naga warriors
  6 anacondas
  4 naga sharpshooters
  3 shock serpents
  3 sea snakes (Snake:4)
  A naga ritualist (Snake:4)
  Pikel (D:9)
  A mana viper (Snake:4)
  7 naga magi
  4 guardian serpents
  14 black mambas
  5 spiny frogs
  A komodo dragon (Lair:1)
  A wolf spider simulacrum (IceCv)
  A blink frog (Lair:5)
  A hippogriff (Lair:5)
  2 wyverns (Lair:3)
  A basilisk (Lair:3)
  3 yaks (Lair:4)
  A hungry ghost (D:7)
  21 nagas
  5 water moccasins
  5 soldier ants (Lair:3)
  A porcupine (Lair:1)
  An orc warrior (D:6)
  5 ice beasts (IceCv)
  2 alligator simulacra (IceCv)
  2 slaves (D:9)
  A sky beast (D:6)
  A phantom (D:7)
  6 wolves (Lair:1)
  5 centaurs
  4 ogres
  5 crocodiles
  2 big kobolds
  3 bullfrogs
  2 scorpions
  3 howler monkeys (D:9)
  An electric eel (Lair:3)
  A bullfrog zombie (D:5)
  2 orc priests
  A bullfrog skeleton (D:9)
  A centaur skeleton (D:5)
  A hound (D:7)
  2 orc wizards
  Jessica (D:2)
  Terence (D:2)
  5 worker ants
  An iguana (D:8)
  A wolf simulacrum (IceCv)
  A worker ant zombie (D:8)
  A howler monkey skeleton (D:6)
  11 adders
  5 white imps (IceCv)
  An adder zombie (D:5)
  A worm (D:5)
  A dart slug (D:2)
  6 leopard geckos
  13 orcs
  A ball python (D:3)
  A goblin (D:3)
  2 hobgoblins
  3 jackals
  A quokka (D:9)
  4 bats
  5 frilled lizards
  12 kobolds
  A quokka skeleton (D:4)
  2 rats
  6 plants
242 creatures vanquished.

Vanquished Creatures (collateral kills)
  5 nagarajas
  6 naga warriors
  4 anacondas
  4 naga sharpshooters (Snake:4)
  2 shock serpents (Snake:2)
  6 sea snakes (Snake:4)
  A naga ritualist (Snake:2)
  3 mana vipers
  5 salamanders
  11 black mambas
  A guardian serpent (Snake:2)
  7 naga magi
  3 spiny frogs
  A rime drake (Lair:2)
  A polar bear (Lair:5)
  A hippogriff (Lair:3)
  2 basilisks (Lair:3)
  21 nagas
  A soldier ant (Lair:3)
  2 water moccasins
  A porcupine (Lair:3)
  A crocodile (Lair:3)
  5 bullfrogs
  2 worker ants (Lair:3)
  6 adders (Lair:4)
102 creatures vanquished.

Vanquished Creatures (others)
  A blink frog (Lair:6)
  A plant (Lair:6)
2 creatures vanquished.

Grand Total: 346 creatures vanquished

Notes
Turn   | Place    | Note
-------+----------+-------------------------------------------
     0 | D:1      | Flooderbenga the Gnoll Necromancer began the quest for the Orb.
     0 | D:1      | Reached XP level 1. HP: 13/13 MP: 6/6
    67 | D:2      | Learned a level 1 spell: Animate Skeleton
   101 | D:2      | Noticed Terence
   110 | D:2      | Killed Terence
   110 | D:2      | Reached skill level 5 in Spellcasting
   110 | D:2      | Reached XP level 2. HP: 20/20 MP: 6/8
   110 | D:2      | Reached XP level 3. HP: 25/25 MP: 6/9
   124 | D:2      | Learned a level 3 spell: Vampiric Draining
   267 | D:2      | Found a sparkling altar of Nemelex Xobeh.
   293 | D:1      | Reached skill level 1 in Invocations
   347 | D:2      | Noticed Jessica
   349 | D:2      | Reached skill level 1 in Fighting
   349 | D:2      | Reached skill level 1 in Short Blades
   349 | D:2      | Reached skill level 1 in Long Blades
   349 | D:2      | Reached skill level 1 in Axes
   349 | D:2      | Reached skill level 1 in Maces & Flails
   349 | D:2      | Reached skill level 1 in Polearms
   349 | D:2      | Reached skill level 1 in Staves
   349 | D:2      | Reached skill level 1 in Slings
   349 | D:2      | Reached skill level 1 in Bows
   349 | D:2      | Reached skill level 1 in Crossbows
   349 | D:2      | Reached skill level 1 in Throwing
   349 | D:2      | Reached skill level 1 in Armour
   349 | D:2      | Reached skill level 1 in Shields
   349 | D:2      | Reached skill level 1 in Unarmed Combat
   349 | D:2      | Reached skill level 1 in Evocations
   351 | D:2      | Killed Jessica
   351 | D:2      | Reached XP level 4. HP: 21/32 MP: 6/11
   382 | D:2      | Learned a level 4 spell: Animate Dead
   394 | D:3      | Noticed Flooderbenga's ghost (amateur GnNe)
   462 | D:4      | Reached skill level 1 in Conjurations
   462 | D:4      | Reached skill level 1 in Hexes
   462 | D:4      | Reached skill level 1 in Charms
   462 | D:4      | Reached skill level 1 in Summonings
   462 | D:4      | Reached skill level 1 in Translocations
   462 | D:4      | Reached skill level 1 in Transmutations
   462 | D:4      | Reached skill level 1 in Fire Magic
   462 | D:4      | Reached skill level 1 in Ice Magic
   462 | D:4      | Reached skill level 1 in Air Magic
   462 | D:4      | Reached skill level 1 in Earth Magic
   462 | D:4      | Reached skill level 1 in Poison Magic
   517 | D:4      | Noticed an ogre
   524 | D:4      | Killed an ogre
   524 | D:4      | Reached XP level 5. HP: 10/37 MP: 6/12
   531 | D:4      | Learned a level 5 spell: Borgnjor's Vile Clutch
   578 | D:4      | Noticed a phantom
   616 | D:5      | Entered Level 5 of the Dungeon
   676 | D:5      | Found a burning altar of Makhleb.
   691 | D:5      | Learned a level 3 spell: Regeneration
   718 | D:5      | Found a blossoming altar of Fedhas.
   719 | D:5      | Noticed a centaur
   722 | D:5      | Killed a centaur
   722 | D:5      | Reached XP level 6. HP: 43/44 MP: 8/14
   759 | D:5      | Reached skill level 5 in Dodging
   841 | D:5      | Found a deep blue altar of Sif Muna.
   849 | D:5      | Reached XP level 7. HP: 31/50 MP: 1/15
   950 | D:6      | Found an iron altar of Okawaru.
  1068 | D:8      | Found an ancient bone altar of Kikubaaqudgha.
  1211 | D:9      | Reached skill level 5 in Stealth
  1272 | D:9      | Reached XP level 8. HP: 30/57 MP: 1/16
  1311 | D:9      | Found a staircase to the Lair.
  1413 | D:9      | Noticed Pikel
  1419 | D:9      | Killed Pikel
  1432 | D:10     | Entered Level 10 of the Dungeon
  1446 | D:9      | Reached XP level 9. HP: 53/65 MP: 5/18
  1723 | D:6      | Found a burning altar of Makhleb.
  1725 | D:6      | Found a white marble altar of Elyvilon.
  1725 | D:6      | Found an opulent altar of Gozag.
  1725 | D:6      | Found a glowing silver altar of Zin.
  1726 | D:6      | Found a snail-covered altar of Cheibriados.
  1726 | D:6      | Found a basalt altar of Yredelemnul.
  1726 | D:6      | Found a hazy altar of Hepliaklqana.
  1754 | D:6      | Became a worshipper of Cheibriados the Contemplative
  1775 | D:6      | Got a wavering glass ring
  1777 | D:6      | Identified the ring of Rohapagh {rElec rC+ Dex+6 Stlth-} (You found it on level 6 of the Dungeon)
  1871 | Lair:1   | Entered Level 1 of the Lair of Beasts
  1884 | Lair:1   | Found a frozen archway.
  1890 | IceCv    | Entered an ice cave
  1938 | IceCv    | Reached skill level 5 in Invocations
  2016 | IceCv    | Reached XP level 10. HP: 35/73 MP: 0/20
  2154 | Lair:1   | Found a hazy altar of Hepliaklqana.
  2179 | Lair:1   | Noticed a spiny frog
  2184 | Lair:1   | Killed a spiny frog
  2184 | Lair:1   | Reached skill level 5 in Fighting
  2184 | Lair:1   | Reached skill level 5 in Short Blades
  2184 | Lair:1   | Reached skill level 5 in Long Blades
  2184 | Lair:1   | Reached skill level 5 in Axes
  2184 | Lair:1   | Reached skill level 5 in Maces & Flails
  2184 | Lair:1   | Reached skill level 5 in Polearms
  2184 | Lair:1   | Reached skill level 5 in Staves
  2184 | Lair:1   | Reached skill level 5 in Slings
  2184 | Lair:1   | Reached skill level 5 in Bows
  2184 | Lair:1   | Reached skill level 5 in Crossbows
  2184 | Lair:1   | Reached skill level 5 in Throwing
  2184 | Lair:1   | Reached skill level 5 in Armour
  2184 | Lair:1   | Reached skill level 5 in Shields
  2184 | Lair:1   | Reached skill level 5 in Unarmed Combat
  2184 | Lair:1   | Reached skill level 5 in Evocations
  2223 | Lair:1   | Reached * piety under Cheibriados
  2386 | Lair:3   | Noticed a spiny frog
  2409 | Lair:3   | Killed a spiny frog
  2468 | Lair:3   | HP: 2/74 [basilisk (14)]
  2518 | Lair:3   | Was placed under penance by Cheibriados
  2569 | Lair:3   | Was forgiven by Cheibriados
  2639 | Lair:3   | Learned a level 5 spell: Lightning Bolt
  2670 | Lair:3   | Learned a level 5 spell: Summon Mana Viper
  2699 | Lair:3   | Reached XP level 11. HP: 48/81 MP: 2/22
  2722 | Lair:3   | Noticed a queen ant
  2765 | Lair:3   | Noticed Snorg
  2840 | Lair:3   | Killed Snorg
  2980 | Lair:4   | Reached ** piety under Cheibriados
  2980 | Lair:4   | Reached skill level 5 in Conjurations
  2980 | Lair:4   | Reached skill level 5 in Hexes
  2980 | Lair:4   | Reached skill level 5 in Charms
  2980 | Lair:4   | Reached skill level 5 in Summonings
  2980 | Lair:4   | Reached skill level 5 in Translocations
  2980 | Lair:4   | Reached skill level 5 in Transmutations
  2980 | Lair:4   | Reached skill level 5 in Fire Magic
  2980 | Lair:4   | Reached skill level 5 in Ice Magic
  2980 | Lair:4   | Reached skill level 5 in Air Magic
  2980 | Lair:4   | Reached skill level 5 in Earth Magic
  2980 | Lair:4   | Reached skill level 5 in Poison Magic
  3003 | Lair:6   | Entered Level 6 of the Lair of Beasts
  3096 | Lair:4   | Found a staircase to the Snake Pit.
  3172 | Lair:5   | Noticed a death yak
  3172 | Lair:5   | Noticed a death yak
  3496 | Snake:1  | Entered Level 1 of the Snake Pit
  3523 | Snake:1  | Noticed an anaconda
  3530 | Snake:1  | Killed an anaconda
  3530 | Snake:1  | Reached *** piety under Cheibriados
  3552 | Snake:1  | Noticed a mana viper
  3558 | Snake:1  | Killed a mana viper
  3563 | Snake:1  | Noticed a naga warrior
  3571 | Snake:1  | Noticed an anaconda
  3576 | Snake:1  | Killed an anaconda
  3593 | Snake:1  | Noticed a naga warrior
  3598 | Snake:1  | Reached XP level 12. HP: 85/89 MP: 12/24
  3600 | Snake:1  | Killed a naga warrior
  3604 | Snake:1  | Killed a naga warrior
  3630 | Snake:1  | Noticed an anaconda
  3638 | Snake:1  | Killed an anaconda
  3678 | Snake:1  | Noticed a naga warrior
  3690 | Snake:1  | Killed a naga warrior
  3800 | Snake:2  | Noticed an anaconda
  3806 | Snake:2  | Killed an anaconda
  3810 | Snake:2  | Reached **** piety under Cheibriados
  3821 | Snake:2  | Noticed an anaconda
  3826 | Snake:2  | Killed an anaconda
  3827 | Snake:2  | Noticed a nagaraja
  3839 | Snake:1  | Learned a level 4 spell: Passage of Golubria
  3889 | Snake:1  | Noticed an anaconda
  3918 | Snake:2  | Killed a nagaraja
  3918 | Snake:2  | Reached XP level 13. HP: 45/98 MP: 3/26
  4070 | Snake:2  | Reached ***** piety under Cheibriados
  4112 | Snake:2  | Learned a level 2 spell: Blink
  4321 | Snake:4  | Entered Level 4 of the Snake Pit
  4423 | Snake:4  | Found Naciskue's Magic Scroll Emporium.
  4424 | Snake:4  | Noticed a nagaraja
  4424 | Snake:4  | Reached skill level 10 in Necromancy
  4430 | Snake:4  | Killed a nagaraja
  4435 | Snake:4  | Found Dufiki's Magic Scroll Shoppe.
  4438 | Snake:4  | Found Lainkil's Antique Weapon Emporium.
  4451 | Snake:4  | Bought a scroll of summoning for 152 gold pieces
  4453 | Snake:4  | Bought a scroll of magic mapping for 45 gold pieces
  4453 | Snake:4  | Bought a scroll of enchant armour for 97 gold pieces
  4453 | Snake:4  | Bought a scroll of identify for 26 gold pieces
  4453 | Snake:4  | Bought a scroll of noise for 13 gold pieces
  4544 | Snake:4  | Learned a level 6 spell: Deflect Missiles
  4602 | Snake:4  | Reached skill level 10 in Spellcasting
  4603 | Snake:4  | Reached XP level 14. HP: 106/106 MP: 14/28
  4663 | Snake:4  | Noticed a nagaraja
  4669 | Snake:4  | Reached ****** piety under Cheibriados
  4669 | Snake:4  | Reached skill level 10 in Dodging
  4675 | Snake:4  | Killed a nagaraja
  4701 | Snake:4  | Reached skill level 10 in Stealth
  4756 | Snake:4  | Reached skill level 10 in Invocations
  4771 | Snake:4  | Noticed a nagaraja
  4777 | Snake:4  | Killed a nagaraja
  4778 | Snake:4  | Noticed a nagaraja
  4780 | Snake:4  | Noticed a nagaraja
  4783 | Snake:4  | Killed a nagaraja
  4785 | Snake:4  | Killed a nagaraja
  4790 | Snake:4  | Noticed a nagaraja
  4799 | Snake:4  | Killed a nagaraja
  4805 | Snake:4  | Noticed a nagaraja
  4816 | Snake:4  | Killed a nagaraja
  4825 | Snake:4  | Got a serpentine rune of Zot
  4948 | Snake:2  | Was placed under penance by Cheibriados
  4958 | Snake:2  | Killed from afar by a shock serpent

Skill      XL: |  1  2  3  4  5  6  7  8  9 10 11 12 13 14 |
---------------+-------------------------------------------+-----
Spellcasting   | 5 6 7 8 9 10 | 10.6
Invocations    | 1 2 3 4 5 6 7 8 9 10 | 10.3
Fighting       | 1 2 3 4 5 6 7 8 9 |  9.5
Short Blades   | 1 2 3 4 5 6 7 8 9 |  9.5
Long Blades    | 1 2 3 4 5 6 7 8 9 |  9.5
Axes           | 1 2 3 4 5 6 7 8 9 |  9.5
Maces & Flails | 1 2 3 4 5 6 7 8 9 |  9.5
Polearms       | 1 2 3 4 5 6 7 8 9 |  9.5
Staves         | 1 2 3 4 5 6 7 8 9 |  9.5
Slings         | 1 2 3 4 5 6 7 8 9 |  9.5
Bows           | 1 2 3 4 5 6 7 8 9 |  9.5
Crossbows      | 1 2 3 4 5 6 7 8 9 |  9.5
Throwing       | 1 2 3 4 5 6 7 8 9 |  9.5
Armour         | 1 2 3 4 5 6 7 8 9 |  9.5
Shields        | 1 2 3 4 5 6 7 8 9 |  9.5
Unarmed Combat | 1 2 3 4 5 6 7 8 9 |  9.5
Evocations     | 1 2 3 4 5 6 7 8 9 |  9.5
Conjurations   | 1 2 3 4 5 6 7 |  7.9
Hexes          | 1 2 3 4 5 6 7 |  7.9
Charms         | 1 2 3 4 5 6 7 |  7.9
Summonings     | 1 2 3 4 5 6 7 |  7.9
Translocations | 1 2 3 4 5 6 7 |  7.9
Transmutations | 1 2 3 4 5 6 7 |  7.9
Fire Magic     | 1 2 3 4 5 6 7 |  7.9
Ice Magic      | 1 2 3 4 5 6 7 |  7.9
Air Magic      | 1 2 3 4 5 6 7 |  7.9
Earth Magic    | 1 2 3 4 5 6 7 |  7.9
Poison Magic   | 1 2 3 4 5 6 7 |  7.9
Dodging        | 5 6 7 8 9 10 | 10.5
Stealth        | 5 6 7 8 9 10 | 10.3
Necromancy     | 8 9 10 | 10.6

Action                   |  1- 3 |  4- 6 |  7- 9 | 10-12 | 13-15 || total
-------------------------+-------+-------+-------+-------+-------++-------
Melee: Dagger            |     6 |     1 |    97 |     5 |       ||   109
       Bite              |     1 |       |    12 |    18 |    13 ||    44
       Short sword       |       |    14 |    33 |   100 |     5 ||   152
       Punch             |       |       |     2 |     5 |       ||     7
       Staff             |       |       |     1 |       |       ||     1
       Long sword        |       |       |       |     2 |    24 ||    26
       Trident           |       |       |       |       |    64 ||    64
       Spear             |       |       |       |       |     2 ||     2
Throw: Tomahawk          |       |       |    22 |     8 |     1 ||    31
       Stone             |       |       |     1 |       |       ||     1
 Cast: Pain              |    23 |    29 |    27 |     5 |       ||    84
       Animate Skeleton  |     1 |     3 |     4 |    23 |    11 ||    42
       Borgnjor's Vile C |       |     4 |    22 |    36 |    21 ||    83
       Regeneration      |       |     1 |     2 |     3 |     1 ||     7
       Summon Mana Viper |       |       |       |    31 |    26 ||    57
       Lightning Bolt    |       |       |       |     1 |       ||     1
       Animate Dead      |       |       |       |     1 |     8 ||     9
       Passage of Golubr |       |       |       |       |    19 ||    19
       Deflect Missiles  |       |       |       |       |     1 ||     1
Invok: Bend Time         |       |       |       |     1 |       ||     1
Evoke: Wand              |       |       |       |     4 |     1 ||     5
       Staff of energy   |       |       |       |       |    48 ||    48
  Use: Potion            |     1 |     1 |     2 |     4 |     3 ||    11
       Scroll            |     1 |     5 |     3 |     7 |     8 ||    24
 Stab: Sleeping          |     4 |     1 |     3 |     8 |     1 ||    17
       Distracted        |       |       |     1 |     1 |     6 ||     8
  Eat: Chunk             |       |       |     5 |    10 |     2 ||    17
       Ration            |       |       |     4 |     2 |     3 ||     9
Armor: Robe              |     1 |     3 |    17 |     3 |       ||    24
       Troll leather arm |       |       |       |    22 |     5 ||    27
       Ring mail         |       |       |       |       |     3 ||     3
Dodge: Dodged            |    10 |    12 |    86 |   130 |    67 ||   305
       Deflected         |       |       |       |       |    14 ||    14
Block: Buckler           |       |       |       |    11 |    23 ||    34
       Shield            |       |       |       |       |    41 ||    41
       Rpst.: Long sword |       |       |       |       |     7 ||     7
